Map: Terraform LE (Void)

Players

wabbajack - Winner!

  • Race: Zerg Zerg
  • League: Gold

justajester

  • Race: Zerg Zerg
  • League: Bronze

VOD

Have the link to the VOD?

Description

Time

  • Played on: July 22, 2015, 3:30 a.m.
  • Length: 6:18
Show
View Real Time Build Order
Export as new Build Order

wabbajack Zerg - Winner!

Build Orders: Hatch First 

Get SALT Encoding   

  12  0:01  Drone  
  13  0:13  Overlord  
  13  0:17  Drone  
  14  0:27  Extractor  
  14  0:28  Drone  
  14  0:33  Drone  
  16  0:43  Drone  
  16  0:48  Drone  
  18  0:57  Hatchery  
  18  0:59  Drone  
  18  1:02  Extractor  
  17  1:16  Spawning Pool  
  16  1:19  Drone  
  16  1:23  Drone  
  18  1:29  Drone  
  19  1:49  Drone  
  19  1:53  Overlord  
  20  2:03  Queen  
  22  2:09  Metabolic Boost  
  22  2:13  Queen  
  22  2:15  Zergling x4  
  25  2:16  Zergling x2  
  27  2:31  Roach Warren  
  28  2:58  Drone x3  
  28  2:59  Drone  
  28  3:01  Drone  
  28  3:02  Drone  
  29  3:20  Overlord x2  
  29  3:23  Roach x3  
  29  3:26  Extractor  
  34  3:28  Roach  
  34  3:30  Overlord  
  34  3:31  Overlord  
  37  4:09  Roach  
  39  4:10  Roach x8  
  39  4:13  Roach  
  57  4:21  Overlord  
  57  4:23  Zergling x12  
  63  4:26  Zergling x2  
  64  4:42  Evolution Chamber  
  63  4:51  Spine Crawler  
  62  4:56  Zergling x2  
  62  4:57  Zergling x16  
  71  5:03  Overlord  
  71  5:08  Drone  
  71  5:09  Drone  
  73  5:16  Drone  
  73  5:19  Overlord, Extractor  
  73  5:33  Zergling x12  
  67  5:49  Zergling x14  
  66  5:53  Ravager  
Show
View Real Time Build Order
Export as new Build Order

justajester Zerg 

Build Orders: Pool First 

Get SALT Encoding   

  12  0:01  Drone  
  13  0:13  Overlord  
  13  0:18  Drone  
  14  0:34  Spawning Pool  
  13  0:37  Drone  
  13  0:40  Extractor  
  13  0:44  Drone  
  13  0:47  Drone  
  15  0:51  Drone  
  16  1:00  Overlord  
  16  1:10  Drone  
  17  1:21  Zergling x2  
  17  1:22  Queen  
  20  1:40  Drone  
  21  1:53  Hatchery  
  20  1:54  Drone  
  21  2:03  Metabolic Boost  
  21  2:05  Drone  
  22  2:14  Queen  
  24  2:35  Overlord  
  24  2:40  Zergling x2  
  24  2:41  Zergling x10  
  30  2:54  Overlord  
  29  3:10  Drone  
  29  3:11  Drone  
  31  3:18  Drone x2  
  32  3:25  Roach Warren  
  31  3:27  Drone  
  31  3:28  Drone x4  
  36  3:38  Drone x2  
  36  3:41  Drone x3  
  39  3:42  Overlord  
  41  3:49  Overlord  
  37  4:10  Roach x3  
  37  4:11  Roach x4  
  37  4:16  Roach  
  54  4:17  Roach  
  54  4:19  Overlord  
  54  4:21  Drone  
  54  4:24  Roach  
  57  4:26  Drone  
  58  4:42  Zergling x12  
  64  4:51  Roach x2  
  68  4:53  Overlord  
  68  5:14  Zergling x2  
  68  5:15  Zergling x10  
  68  5:17  Overlord  
  68  5:18  Overlord  
  74  5:27  Hatchery  
  73  5:32  Zergling x2  
  73  5:33  Zergling x4  
  63  5:47  Roach  
  63  5:48  Roach x2  
  58  5:51  Zergling x4  
Tags
 
Add a new tag
Caveats
  • Supply blocks, unpowered buildings, or Contaminate may cause inaccurate times.
  • Supply counts are checked every 10 seconds.